Map: Orbital Shipyard

Players

ImmortalZodd - Winner!

  • Race: Zerg Zerg
  • League: Silver

Walmartpimp

  • Race: Protoss Protoss
  • League: Silver

VOD

Have the link to the VOD?

Description

Time

  • Played on: Jan. 29, 2016, 10:24 p.m.
  • Length: 13:57
Show
View Real Time Build Order
Export as new Build Order

ImmortalZodd Zerg - Winner!

Build Orders: Hatch First 

Get SALT Encoding   

  12  0:02  Drone  
  13  0:08  Drone  
  14  0:19  Drone, Extractor  
  15  0:24  Overlord  
  15  0:50  Hatchery  
  15  0:53  Drone  
  15  1:02  Drone  
  15  1:03  Drone  
  17  1:07  Drone  
  18  1:19  Drone  
  18  1:23  Spawning Pool  
  18  1:28  Extractor  
  18  1:32  Drone  
  18  1:39  Drone  
  19  1:50  Drone  
  20  1:58  Drone  
  21  2:04  Overlord  
  21  2:19  Zergling x6  
  24  2:24  Drone  
  25  2:31  Metabolic Boost, Drone  
  25  2:36  Drone  
  27  2:42  Queen  
  27  2:43  Queen  
  31  2:46  Drone x2  
  33  2:56  Drone x2  
  35  3:03  Zergling x2  
  33  3:07  Zergling x2  
  34  3:14  Zergling x2  
  35  3:46  Drone  
  36  3:52  Zergling x2  
  36  3:54  Overlord  
  36  3:55  Overlord x3  
  36  4:01  Extractor  
  35  4:03  Extractor  
  34  4:10  Zergling x4  
  36  4:18  Hatchery, Roach Warren  
  36  4:23  Zergling x10  
  39  4:27  Evolution Chamber x2  
  39  4:28  Drone x3  
  40  4:33  Spore Crawler  
  40  4:36  Spore Crawler, Zergling x2  
  39  4:40  Zergling x2  
  40  4:48  Drone  
  40  4:51  Drone  
  42  4:57  Queen  
  44  5:00  Lair  
  44  5:03  Roach x2  
  48  5:10  Zerg Missile Weapons Level 1  
  48  5:11  Drone  
  48  5:12  Drone x2  
  48  5:13  Drone  
  48  5:14  Drone  
  53  5:19  Drone x3  
  56  5:26  Drone x2  
  58  5:37  Drone  
  58  5:38  Drone x2  
  61  5:53  Overlord x3  
  61  5:54  Overlord  
  61  5:59  Zerg Ground Armor Level 1  
  61  6:01  Roach  
  63  6:06  Drone x2  
  63  6:07  Drone  
  63  6:11  Drone x2  
  67  6:12  Drone  
  69  6:19  Roach  
  69  6:20  Roach  
  73  6:26  Spine Crawler  
  73  6:30  Spore Crawler  
  73  6:31  Drone x5  
  73  6:32  Drone  
  78  6:36  Glial Reconstitution  
  78  6:38  Roach  
  80  6:44  Roach x2  
  84  6:49  Extractor  
  84  6:51  Drone x5  
  88  6:57  Roach x2  
  88  7:01  Drone  
  93  7:09  Roach x5  
  93  7:10  Roach  
  105  7:20  Extractor  
  105  7:22  Drone x2  
  106  7:25  Overlord x5  
  104  7:57  Roach x5  
  104  7:58  Roach x5  
  124  7:59  Overlord x3  
  120  8:28  Spore Crawler  
  120  8:31  Spore Crawler  
  118  8:37  Spore Crawler x2  
  113  8:48  Overlord x7  
  113  8:49  Overlord x2  
  108  9:08  Roach  
  108  9:09  Roach x9  
  126  9:24  Roach x3  
  130  9:35  Hydralisk Den  
  130  9:37  Queen  
  117  9:58  Queen  
  119  10:03  Hydralisk Den  
  117  10:07  Hydralisk  
  117  10:08  Hydralisk x8  
  117  10:09  Hydralisk x3  
  141  10:21  Hydralisk x3  
  147  10:44  Hydralisk x7  
  147  10:45  Hydralisk x2  
  165  11:03  Hydralisk  
  165  11:04  Hydralisk x5  
  177  11:29  Hydralisk x3, Roach  
  179  11:52  Hydralisk x3  
  179  11:53  Hydralisk x4  
  186  11:56  Overlord x4  
  164  12:04  Hydralisk x2  
  164  12:05  Hydralisk x5  
  160  12:30  Hydralisk  
  160  12:31  Hydralisk x6  
  174  12:43  Spore Crawler  
  171  12:52  Hydralisk  
  171  12:53  Hydralisk x3  
  179  13:11  Hatchery  
Show
View Real Time Build Order
Export as new Build Order

Walmartpimp Protoss 

Build Orders: 1 Gate Expand 

Get SALT Encoding   

  12  0:01  Probe (Chrono Boost)  
  13  0:12  Probe (Chrono Boost)  
  14  0:22  Probe (Chrono Boost)  
  15  0:36  Pylon  
  15  0:56  Gateway  
  15  1:00  Gateway  
  15  1:21  Nexus  
  15  1:42  Pylon  
  17  1:48  Zealot x2 (Chrono Boost)  
  19  1:57  Probe, Assimilator  
  20  2:01  Assimilator  
  20  2:09  Probe  
  21  2:15  Forge  
  21  2:25  Pylon  
  23  2:33  Probe  
  23  2:34  Zealot (Chrono Boost)  
  24  2:43  Probe  
  24  2:44  Probe  
  26  2:54  Probe  
  26  2:56  Probe  
  28  3:07  Photon Cannon  
  28  3:11  Photon Cannon  
  26  3:30  Probe  
  25  3:41  Probe  
  25  3:46  Cybernetics Core  
  25  3:47  Probe  
  27  3:52  Probe  
  28  3:59  Probe  
  28  4:02  Probe  
  29  4:04  Assimilator  
  30  4:11  Probe  
  30  4:13  Probe  
  30  4:15  Pylon  
  32  4:23  Probe x2  
  34  4:34  Probe  
  34  4:36  Mothership Core  
  34  4:37  Stargate  
  37  4:44  Protoss Shields Level 1, Probe  
  37  4:49  Protoss Air Weapons Level 1  
  38  4:55  Probe  
  39  5:00  Assimilator  
  39  5:05  Probe, Pylon  
  40  5:16  Probe  
  40  5:20  Stargate  
  41  5:26  Probe  
  42  5:32  Phoenix (Chrono Boost)  
  44  5:37  Probe  
  45  5:47  Probe  
  46  5:55  Phoenix (Chrono Boost)  
  46  5:57  Photon Cannon  
  48  5:58  Probe, Photon Cannon  
  51  6:07  Phoenix (Chrono Boost)  
  51  6:08  Probe  
  51  6:10  Nexus  
  52  6:15  Pylon  
  52  6:17  Phoenix (Chrono Boost)  
  52  6:18  Pylon  
  54  6:20  Probe  
  55  6:28  Phoenix (Chrono Boost)  
  55  6:32  Probe  
  58  6:39  Phoenix (Chrono Boost)  
  60  6:43  Pylon  
  60  6:50  Phoenix (Chrono Boost)  
  60  6:52  Photon Cannon  
  62  6:54  Photon Cannon  
  62  6:56  Photon Cannon  
  62  7:01  Phoenix (Chrono Boost), Photon Cannon  
  64  7:06  Pylon  
  64  7:27  Fleet Beacon  
  64  7:29  Probe  
  65  7:40  Probe  
  66  7:50  Probe  
  67  8:01  Probe  
  68  8:11  Probe  
  67  8:47  Probe  
  67  8:52  Assimilator  
  68  8:57  Probe  
  68  8:58  Assimilator  
  68  9:00  Twilight Council  
  69  9:04  Photon Cannon  
  69  9:07  Photon Cannon  
  69  9:08  Probe  
  54  9:18  Probe  
  49  9:28  Stargate  
  49  9:29  Probe, Stargate  
  50  9:35  Stargate  
  50  9:40  Probe  
  46  9:50  Probe  
  30  10:01  Probe  
  30  10:14  Dark Shrine  
  30  10:17  Pylon  
  30  10:20  Void Ray (Chrono Boost), Pylon  
  42  10:28  Void Ray (Chrono Boost)  
  42  10:30  Void Ray (Chrono Boost)  
  42  10:36  Nexus  
  42  10:39  Pylon  
  42  10:41  Pylon  
  42  10:42  Assimilator  
  42  10:48  Assimilator  
  42  10:50  Pylon  
  42  11:03  Void Ray (Chrono Boost)  
  46  11:04  Forge  
  54  11:12  Void Ray (Chrono Boost)  
  54  11:17  Void Ray (Chrono Boost)  
  57  12:22  Pylon  
  57  12:24  Void Ray (Chrono Boost)  
  57  12:25  Pylon  
Tags
 
Add a new tag
Caveats
  • Supply blocks, unpowered buildings, or Contaminate may cause inaccurate times.
  • Supply counts are checked every 10 seconds.